[ PARTIDA AOE2 · #480080525 ]
UnrankedMagiares vs Tupi
[ ANÁLISIS DE REPETICIÓN · EXTRAÍDO DE LA PARTIDA GRABADA ]
Feudal
—
Castillos
—
Imperial
—
| APM promedio | 54.8 |
| APM pico | 74 |
| eAPM promedio | 12.7 |
| Aldeanos / militares | 13 / 0 |
Foco
⚔️ 22.7% · 🌾 77.3%
Feudal
—
Castillos
—
Imperial
—
| APM promedio | 39.5 |
| APM pico | 62 |
| eAPM promedio | 7.2 |
| Aldeanos / militares | 4 / 0 |
Foco
⚔️ 0.0% · 🌾 100.0%
Feudal
—
Castillos
—
Imperial
—
| APM promedio | 33.9 |
| APM pico | 74 |
| eAPM promedio | 8.9 |
| Aldeanos / militares | 10 / 0 |
Foco
⚔️ 2.7% · 🌾 97.3%
Feudal
—
Castillos
—
Imperial
—
| APM promedio | 38.9 |
| APM pico | 55 |
| eAPM promedio | 16.1 |
| Aldeanos / militares | 17 / 0 |
Foco
⚔️ 16.2% · 🌾 83.8%
Mapa de la partida
Recursos iniciales + cada clic de construcción. Líneas = muros · curvas = relieve. ◆ oro · ⬟ piedra · ● bayas · ✦ reliquia · ◌ hueco del cierre
Tu base
Base de 是表哥吗
Base de Degen
Base de 世界霸主牛哥
Terreno inicial suavizado · ◌ = hueco del cierre detectado · pasá el cursor para detalles
Inputs por minuto
— 离沐倾城winnie - - 是表哥吗
Build order — 离沐倾城winnie
17 acciones detectadas en el replay
| 0:53 | Construir | Town Center |
| 2:19 | Construir | House |
| 3:00 | Crear | Villager (Male) |
| 3:00 | Crear | Villager (Male) |
| 3:05 | Crear | Villager (Male) |
| 3:13 | Crear | Villager (Male) |
| 4:29 | Crear | Villager (Male) |
| 4:29 | Crear | Villager (Male) |
| 4:29 | Crear | Villager (Male) |
| 5:04 | Crear | Villager (Male) |
| 5:04 | Crear | Villager (Male) |
| 5:04 | Crear | Villager (Male) |
| 5:09 | Construir | Lumber Camp |
| 5:16 | Construir | House |
| 5:40 | Crear | Villager (Male) |
| 5:48 | Crear | Villager (Male) |
| 5:48 | Crear | Villager (Male) |
Build order — 是表哥吗
10 acciones detectadas en el replay
| 1:07 | Construir | Town Center |
| 1:46 | Construir | House |
| 3:03 | Crear | Villager (Male) |
| 3:03 | Crear | Villager (Male) |
| 3:03 | Crear | Villager (Male) |
| 3:04 | Crear | Villager (Male) |
| 4:20 | Investigar | Loom |
| 5:00 | Construir | House |
| 5:01 | Construir | House |
| 5:43 | Construir | House |
Build order — Degen
14 acciones detectadas en el replay
| 1:10 | Construir | Town Center |
| 2:56 | Crear | Villager (Male) |
| 2:56 | Crear | Villager (Male) |
| 2:57 | Crear | Villager (Male) |
| 2:59 | Construir | House |
| 3:00 | Construir | House |
| 4:01 | Crear | Villager (Male) |
| 4:20 | Crear | Villager (Male) |
| 5:00 | Crear | Villager (Male) |
| 5:00 | Crear | Villager (Male) |
| 5:00 | Crear | Villager (Male) |
| 5:00 | Crear | Villager (Male) |
| 5:32 | Construir | Lumber Camp |
| 6:03 | Crear | Villager (Male) |
Build order — 世界霸主牛哥
18 acciones detectadas en el replay
| 0:39 | Construir | Town Center |
| 2:46 | Crear | Villager (Male) |
| 2:46 | Crear | Villager (Male) |
| 2:47 | Crear | Villager (Male) |
| 3:07 | Crear | Villager (Male) |
| 3:08 | Crear | Villager (Male) |
| 4:25 | Crear | Villager (Male) |
| 4:25 | Crear | Villager (Male) |
| 4:26 | Crear | Villager (Male) |
| 4:27 | Crear | Villager (Male) |
| 4:27 | Crear | Villager (Male) |
| 4:58 | Crear | Villager (Male) |
| 4:58 | Crear | Villager (Male) |
| 4:58 | Crear | Villager (Male) |
| 5:24 | Crear | Villager (Male) |
| 5:24 | Crear | Villager (Male) |
| 5:33 | Crear | Villager (Male) |
| 5:33 | Crear | Villager (Male) |
Cronología de la partida
| 6:02 | 是表哥吗 · resign |
[ ANÁLISIS IA · 1 CRÉDITO ]
¿Qué pasó realmente en esta partida?
Wolo.gg analiza cada decisión: build order, eco, micro, errores típicos por bracket. Análisis personalizado por WhatsApp o Discord en 30 segundos.
Guía civ
Magiares
Perfil
Jugador #20127848